 Dungeon Crawl Stone Soup version 0.32-a0-960-g3814254bd7 (webtiles) character file.

Game seed: 16681165318504273200

58 Autsider the Sneak (level 3, -1/21 HPs)
             Began as a Vampire Enchanter on Apr 17, 2024.
             Was a Follower of Hepliaklqana.
             Succumbed to an orc's poison
             ... on level 2 of the Dungeon.
             The game lasted 00:04:49 (1548 turns).

Autsider the Sneak (Vampire Enchanter)              Turns: 1548, Time: 00:04:49

Health: -1/21      AC:  4    Str:  7    XL:     3   Next: 76%
Magic:  6/7        EV: 11    Int: 19    God:    Hepliaklqana [*.....]
Gold:   109        SH:  0    Dex: 14    Spells: 7/7 levels left

rFire   . . .        a - +1 dagger
rCold   . . .        (no shield)
rNeg    . . .        b - +0 robe
rPois   .            (no helmet)
rElec   .            l - +0 cloak
rCorr   .            f - +0 pair of gloves
SInv    +            (no boots)
Will    .....        (no amulet)
Stlth   +++          (no ring)
HPRegen 0.43/turn    (no ring)
MPRegen 0.10/turn

%: no passive effects
@: lethally poisoned (-1 -> -5), healing quickly
A: reduced essence, alive, fangs 3, see invisible, vampiric 2
a: Exsanguinate, Renounce Religion, Recall Ancestor, Ancestor Identity


You were on level 2 of the Dungeon.
You worshipped Hepliaklqana.
Hepliaklqana was aware of your devotion.
You visited 1 branch of the dungeon, and saw 3 of its levels.

You collected 109 gold pieces.

Inventory:

Hand Weapons
 a - a +1 dagger (weapon)
 n - a +0 rapier
Missiles
 i - 6 poisoned darts (quivered)
 j - 3 atropa-tipped darts
Armour
 b - a +0 robe (worn)
 f - a +0 pair of gloves (worn)
 l - a +0 cloak (worn)
Scrolls
 d - a scroll of identify {unknown}
 g - a scroll of poison {unknown}
 k - a scroll of teleportation {unknown}
 m - a scroll of amnesia {unknown}
Potions
 c - 2 potions of invisibility
 e - a potion of curing {unknown}
 h - a potion of haste {unknown}


   Skills:
 - Level 1.1 Short Blades
 - Level 2.1 Dodging
 - Level 5.0 Stealth
 + Level 2.7 Spellcasting
 - Level 5.0 Hexes
 + Level 1.8 Ice Magic


You had 7 spell levels left.
You didn't know any spells.
Your spell library contained the following spells:

 Spells                   Type           Power      Damage    Failure   Level
 Ensorcelled Hibernation  Hex/Ice        30%        N/A       6%          2
 Confusing Touch          Hex            21%        N/A       6%          3
 Tukima's Dance           Hex            21%        N/A       6%          3
 Dazzling Flash           Conj/Hex       24%        N/A       17%         3


Dungeon Overview and Level Annotations

Branches:
Dungeon (3/15)

Altars:
Hepliaklqana

Annotations:
D:2 exclusion: downstairs


Innate Abilities, Weirdness & Mutations

Your life essence is reduced to manifest your ancestor. (-10% HP)
Your natural rate of healing is accelerated.
You have razor-sharp teeth.
You have supernaturally acute eyesight. (SInv)
You are afflicted with vampirism and can become a bat while bloodless.


Message History

The hobgoblin attacks as it pursues you!
The hobgoblin hits you but does no damage.
The hobgoblin attacks as it pursues you!
The hobgoblin misses you.
The hobgoblin attacks as it pursues you!
The hobgoblin hits you.
* * * LOW HITPOINT WARNING * * *
The hobgoblin attacks as it pursues you!
The hobgoblin barely misses you.
The hobgoblin attacks as it pursues you!
The hobgoblin closely misses you.
You hit the hobgoblin. You bite the hobgoblin.
The hobgoblin is severely wounded.
The hobgoblin hits you.
You hit the hobgoblin.
You kill the hobgoblin!
You hit the orc.
The orc is almost dead.
The orc hits you with a +3 war axe of venom.
* * * LOW HITPOINT WARNING * * *
You barely miss the orc. You bite the orc.
You kill the orc!
You hit the orc. Your bite misses the orc.
The orc is almost dead.
The orc hits you with a +0 hand axe of venom.
* * * LOW HITPOINT WARNING * * *
You are lethally poisoned!
* * * LOW HITPOINT WARNING * * *
You feel very sick. The orc barely misses you.
* * * LOW HITPOINT WARNING * * *
You feel very sick.
Unknown command.
You hit the orc.
You kill the orc!
* * * LOW HITPOINT WARNING * * *
You feel sick.
Okay, then.
You die...
Hepliaklqana delivers you to your ancestors.

##.......#.####..###
.........#.....>..#
)........#........#
...#######.######.#
...# #.# #.# ...#
#.# #)# ...# #.# #.#
...# #.######)# ...#
#.....(@.# ####
##########


There were no monsters in sight!

Vanquished Creatures
  2 adders (D:2)
  A dart slug (D:2)
  A ribbon worm (D:2)
  2 orcs (D:2)
  5 ball pythons
  A bat (D:2)
  2 endoplasms
  2 giant cockroaches (D:2)
  3 goblins
  4 hobgoblins
  2 quokkas
  A frilled lizard (D:1)
  2 kobolds
  4 rats
32 creatures vanquished.

Vanquished Creatures (others)
  An ancestor (D:3)
1 creature vanquished.

Grand Total: 33 creatures vanquished

Notes
Turn   | Place    | Note
-------+----------+-------------------------------------------
     0 | D:1      | Autsider the Vampire Enchanter began the quest for the Orb.
     0 | D:1      | Reached XP level 1. HP: 13/13 MP: 3/3
   212 | D:1      | Reached XP level 2. HP: 19/19 MP: 5/5
   286 | D:1      | Reached skill level 5 in Stealth
   414 | D:1      | Reached skill level 5 in Hexes
   886 | D:2      | Reached skill level 1 in Ice Magic
   886 | D:2      | Gained mutation: You are afflicted with vampirism and can
                  | become a bat while bloodless. [Vampire growth]
   886 | D:2      | Reached XP level 3. HP: 6/24 MP: 6/6
  1156 | D:2      | Found a faded altar of an unknown god.
  1438 | D:2      | Prayed at the altar of an unknown god.
  1438 | D:2      | Became a worshipper of Hepliaklqana the Forgotten
  1438 | D:2      | Reached * piety under Hepliaklqana
  1547 | D:2      | HP: 1/21 [poisoned by an orc]
  1548 | D:2      | Succumbed to an orc's poison

Illustrated notes

Levels and vault maps discovered:
D:1:      wander_arrival_fairy_ring, layout_basic
D:2:      layout_basic, shapermc_ecumenical_altar_mp_highgroup
D:3:      layout_rooms, mainiacjoe_sewer_entry_somewhere_in_here_2,
          serial_shops, nicolae_shop_real_fake_doors, minmay_misc_feat_room,
          uniq_ijyb

Skill      XL: |  1  2 |
---------------+-------+-----
Stealth        | 5 |  5.0
Hexes          | 5 |  5.0
Ice Magic      | 1 |  1.8
Short Blades   | |  1.1
Dodging        | |  2.1
Spellcasting   | |  2.7

Action                     || total
---------------------------++-------
  Melee: Dagger            ||    97
         Bite              ||     9
Ability: Exsanguinate      ||     1
   Stab: Sleeping          ||     7
 Armour: Robe              ||    65
  Dodge: Dodged            ||    66

Table legend: (Time is in decaauts)
 A = Elapsed time spent in this place.
 B = Non-inter-level travel time spent in this place.
 C = Inter-level travel time spent in this place.
 D = Time resting spent in this place.
 E = Time spent auto-exploring this place.
 F = Levels seen in this place.
 G = Mean time per level.
                   A        B        C        D        E       F      G
               +--------+--------+--------+--------+--------+-----+--------+
         Total |   1542 |   1313 |    229 |     61 |    954 |   3 |  514.0 |
       Dungeon |   1542 |   1313 |    229 |     61 |    954 |   3 |  514.0 |
               +--------+--------+--------+--------+--------+-----+--------+

Top non-repeatable levels by time:
     D:1: 776 daAuts
     D:2: 753 daAuts
     D:3: 12 daAuts
